 Dungeon Crawl Stone Soup version 0.30-a0-465-g8901f6c8b5 (webtiles) character file.

Game seed: 2310394387058415125

2058 greenreed the Basher (level 9, -12/69 HPs)
             Began as a Formicid Fighter on Dec 17, 2022.
             Was a Follower of Makhleb.
             Killed from afar by Maggie (24 damage)
             ... with a bolt of fire
             ... on level 6 of the Dungeon.
             The game lasted 00:15:08 (6751 turns).

greenreed the Basher (Formicid Fighter)             Turns: 6751, Time: 00:15:09

Health: -12/69     AC: 11    Str: 32    XL:     9   Next: 49%
Magic:  11/11      EV: 11    Int:  7    God:    Makhleb [*.....]
Gold:   356        SH:  5    Dex: 13    Spells: 8/8 levels left

rFire   . . .      SeeInvis +    a - +1 flail
rCold   . . .      Faith    .    c - +0 buckler
rNeg    . . .      Spirit   .    b - +0 scale mail
rPois   .          Reflect  .    (helmet unavailable)
rElec   .          Harm     .    (no cloak)
rCorr   .          Rampage  .    h - +0 pair of gloves
Will    +....                    s - +1 pair of boots
Stlth   ..........               (no amulet)
HPRegen 0.31/turn                y - ring of willpower
MPRegen 0.12/turn                t - +6 ring of strength

@: mighty
A: permanent stasis, dig shafts and tunnels, antennae 3, four strong arms
a: Dig, Shaft Self, Renounce Religion


You were on level 6 of the Dungeon.
You worshipped Makhleb.
Makhleb was aware of your devotion.
You visited 2 branches of the dungeon, and saw 8 of its levels.
You also visited: Sewer.

You collected 356 gold pieces.

Inventory:

Hand Weapons
 a - a +1 flail (weapon)
Missiles
 H - 3 poisoned darts
Armour
 b - a +0 scale mail (worn)
 c - a +0 buckler (worn)
 h - a +0 pair of gloves (worn)
 s - a +1 pair of boots (worn)
Jewellery
 i - a +4 ring of evasion
 t - a +6 ring of strength (right hand)
 u - a ring of flight
 y - a ring of willpower (left hand)
Wands
 d - a wand of charming (6)
 E - a wand of roots (12)
 I - a wand of acid (9)
Scrolls
 e - 4 scrolls of teleportation {unknown}
 f - 3 scrolls of silence
 g - 2 scrolls of immolation {unknown}
 m - 2 scrolls of magic mapping {unknown}
 n - 3 scrolls of noise {unknown}
 o - 4 scrolls of enchant weapon
 q - 2 scrolls of poison {unknown}
 r - 3 scrolls of fog {unknown}
 z - a scroll of amnesia {unknown}
 C - a scroll of blinking {unknown}
 D - 3 scrolls of identify {unknown}
Potions
 j - 4 potions of flight {unknown}
 k - a potion of heal wounds {unknown}
 l - 2 potions of invisibility {unknown}
 p - 3 potions of haste {unknown}
 v - 5 potions of curing
 w - a potion of brilliance {unknown}
 x - 3 potions of ambrosia {unknown}
 A - a potion of lignification {unknown}
 B - a potion of cancellation {unknown}
 G - a potion of degeneration {unknown}
 J - a potion of resistance {unknown}


   Skills:
 * Level 5.6 Fighting
 * Level 8.6 Maces & Flails
 + Level 5.6 Armour
 + Level 2.3 Dodging
 + Level 0.6 Stealth
 + Level 6.5 Shields
 * Level 3.7 Invocations


You had 8 spell levels left.
You didn't know any spells.
Your spell library contained the following spells:

 Spells                   Type           Power      Damage    Failure   Level
 Freeze                   Ice            0%         1d3       71%         1
 Cigotuvi's Dreadful Rot  Necr/Pois/Air  0%         N/A       85%         2
 Poisonous Vapours        Pois/Air       0%         N/A       85%         2
 Call Canine Familiar     Summ           0%         N/A       97%         3
 Frozen Ramparts          Ice            0%         1d1       97%         3
 Gell's Gravitas          Tloc           0%         N/A       97%         3
 Hailstorm                Conj/Ice       0%         3d3       97%         3
 Inner Flame              Hex/Fire       0%         N/A       97%         3
 Lesser Beckoning         Tloc           0%         N/A       97%         3
 Mephitic Cloud           Conj/Pois/Air  0%         N/A       97%         3
 Portal Projectile        Hex/Tloc       0%         N/A       97%         3
 Teleport Other           Tloc           0%         N/A       97%         3
 Vhi's Electric Charge    Tloc/Air       0%         N/A       97%         3
 Cause Fear               Hex            0%         N/A       100%        4
 Leda's Liquefaction      Hex/Erth       0%         N/A       100%        4
 Arcjolt                  Conj/Air       0%         1d10      100%        5
 Discord                  Hex            0%         N/A       100%        8
 Maxwell's Capacitive Co  Air            0%         ∞         100%        8


Dungeon Overview and Level Annotations

Branches:
Dungeon (7/15)             Temple (1/1) D:5           Sewer (visited)

Altars:
Dithmenos
Elyvilon
Hepliaklqana
Kikubaaqudgha
Makhleb
Nemelex Xobeh
Okawaru
Qazlal
Ru
Sif Muna
Trog
Uskayaw
Vehumet
Yredelemnul
Zin

Shops:
D:4 *

Annotations:
D:5 1 runed translucent door, Crazy Yiuf
D:6 Maggie


Innate Abilities, Weirdness & Mutations

You cannot be hasted, slowed, berserked, paralysed or teleported.
You can dig through walls and to a lower floor.
You have a pair of large antennae on your head. (SInv)
Your four strong arms can wield two-handed weapons with a shield.


Message History

Maggie is lightly wounded.
Maggie barely misses you.
You hit Maggie.
Maggie is lightly wounded.
Maggie hits you with a +2 vorpal glaive!
You barely miss Maggie.
Maggie is lightly wounded.
Maggie hits you but does no damage.
You sock Maggie!
Maggie is moderately wounded.
Maggie closely misses you.
You closely miss Maggie.
Maggie is moderately wounded.
Maggie hits you but does no damage.
You barely miss Maggie.
Maggie is moderately wounded.
Maggie hits you with a +2 vorpal glaive.
You barely miss Maggie.
Maggie is moderately wounded.
Maggie hits you with a +2 vorpal glaive!
You are too injured to fight recklessly!
You feel very mighty all of a sudden.
Maggie hits you with a +2 vorpal glaive!
* * * LOW HITPOINT WARNING * * *
x2 You completely miss Maggie.
Maggie is moderately wounded.
Maggie casts a spell.
Maggie attempts to bespell you! You resist with almost no effort.
You thump Maggie!
Maggie is heavily wounded.
Maggie barely misses you.
You completely miss Maggie.
Maggie is heavily wounded.
Maggie hits you with a +2 vorpal glaive.
* * * LOW HITPOINT WARNING * * *
x2 You closely miss Maggie.
Maggie is heavily wounded.
Maggie casts a spell at you. The bolt of fire hits you!!
You die...

#........# #.##.##
##### #........#
#.##.# #....
#........## #.#..#
#.... #.........##
#.#.## #....
#..........### #.#.#
#....
##########...#####...#
#....
###.......########....
###..##.#...........
#@@...#..........)
#######........###
###........###
#.............
#.............
#...######.... #...#
#.... #...# ####.
#...# #.


You could see Maggie.

Vanquished Creatures
  Pikel (D:5)
  An orc warrior (D:6)
  An ice beast (D:6)
  3 centaurs (D:6)
  2 phantoms
  2 lemures (D:5)
  2 scorpions
  A necrophage (D:5)
  A gnoll bouda (D:6)
  A jelly (D:6)
  3 hounds
  6 orc priests
  6 orc wizards
  Terence (D:3)
  Robin (D:2)
  7 gnolls
  4 adders
  4 river rats
  2 shadow imps (D:6)
  An ufetubus (D:6)
  A worm (D:2)
  6 dart slugs
  30 orcs
  5 endoplasms
  7 giant cockroaches
  10 goblins
  12 hobgoblins
  7 jackals
  6 kobolds
  2 quokkas
  12 ball pythons
  6 bats
  9 frilled lizards
  18 rats
181 creatures vanquished.

Vanquished Creatures (others)
  An orc wizard (D:6)
1 creature vanquished.

Grand Total: 182 creatures vanquished

Notes
Turn   | Place    | Note
-------+----------+-------------------------------------------
     0 | D:1      | greenreed the Formicid Fighter began the quest for the Orb.
     0 | D:1      | Reached XP level 1. HP: 18/18 MP: 1/1
   155 | D:1      | Reached XP level 2. HP: 22/24 MP: 2/2
   398 | D:1      | Reached XP level 3. HP: 27/30 MP: 3/3
  1140 | D:2      | Noticed Robin
  1157 | D:2      | Reached XP level 4. HP: 37/37 MP: 4/4
  1177 | D:2      | Killed Robin
  1503 | D:2      | Reached skill level 3 in Maces & Flails
  1582 | D:2      | Identified the +1 leather armour of the Eternal Void {rCorr
                  | Str+4 Int-3}
  1662 | D:2      | Reached XP level 5. HP: 42/42 MP: 5/5
  1784 | D:3      | Found a sacrificial altar of Ru.
  1844 | D:3      | Found a basalt altar of Yredelemnul.
  2167 | D:3      | Found a shadowy altar of Dithmenos.
  2169 | D:3      | Noticed Terence
  2182 | D:3      | Killed Terence
  2460 | D:3      | Reached skill level 5 in Shields
  2609 | D:4      | Found a white marble altar of Elyvilon.
  2793 | D:4      | Found Zin's Purification Station.
  2796 | D:4      | Found a glowing silver altar of Zin.
  2831 | D:4      | Reached skill level 4 in Maces & Flails
  2835 | D:4      | Reached XP level 6. HP: 44/48 MP: 6/6
  2845 | D:4      | Found a glowing drain.
  2854 | Sewer    | Entered a sewer
  3070 | Sewer    | Reached skill level 1 in Dodging
  3616 | D:4      | Found a bloodstained altar of Trog.
  3868 | D:5      | Entered Level 5 of the Dungeon
  3915 | D:5      | Reached skill level 5 in Maces & Flails
  3915 | D:5      | Reached XP level 7. HP: 45/55 MP: 7/7
  4001 | D:5      | Found a staircase to the Ecumenical Temple.
  4001 | D:5      | Noticed Pikel
  4014 | D:5      | HP: 2/55 [orc priest/divine providence (16)]
  4020 | D:5      | Killed Pikel
  4021 | D:5      | Reached skill level 5 in Fighting
  4021 | D:5      | Reached skill level 6 in Maces & Flails
  4021 | D:5      | Reached XP level 8. HP: 15/62 MP: 8/8
  4021 | D:5      | Identified the +4 trident of Xiamik {elec, rPois}
  4033 | Temple   | Entered the Ecumenical Temple
  4249 | Temple   | Became a worshipper of Makhleb the Destroyer
  4392 | D:5      | Reached skill level 5 in Armour
  4393 | D:5      | Reached skill level 1 in Invocations
  4632 | D:5      | Found a runed translucent door.
  4633 | D:5      | Noticed Crazy Yiuf
  5194 | D:5      | Found an ancient bone altar of Kikubaaqudgha.
  5322 | D:5      | Reached skill level 7 in Maces & Flails
  5662 | D:6      | Reached XP level 9. HP: 63/68 MP: 10/10
  5749 | D:6      | Found an iron altar of Okawaru.
  5831 | D:6      | Reached skill level 8 in Maces & Flails
  6152 | D:6      | Reached * piety under Makhleb
  6732 | D:7      | Noticed Maggie
  6751 | D:6      | Killed from afar by Maggie

Illustrated notes

Levels and vault maps discovered:
D:1:      sevenhm_arrival_forest_fort_large_2, layout_loops_ring
D:2:      kennysheep_six_static_rooms, layout_basic, uniq_robin
D:3:      layout_loops_cross, mainiacjoe_overflow_surrounded_room,
          mainiacjoe_overflow_cross_hatched,
          mainiacjoe_overflow_small_starburst, grunt_ministairs_13,
          minmay_distorted, uniq_terence
D:4:      layout_basic, mainiacjoe_overflow_concentric_impassable,
          mainiacjoe_overflow_six_doors_small, zin_purify, portal_sewer_entry_b,
          minivault_24
D:5:      layout_basic, marbit_many_paths, minmay_temple_entry_proselytizer,
          uniq_crazy_yiuf_cottage, uniq_pikel
D:6:      layout_basic, mainiacjoe_overflow_24_doors
D:7:      layout_loops_ring, pdpol_wu_jian_five_deadly_venoms,
          chequers_ossuary_entry_cave, uniq_maggie
Temple:   nicolae_temple_superstar

Skill      XL: |  1  2  3  4  5  6  7  8  9 |
---------------+----------------------------+-----
Maces & Flails | 3 4 5 6 7 8 |  8.6
Fighting       | 4 5 |  5.6
Shields        | 5 6 |  6.5
Dodging        | 1 2 |  2.3
Armour         | 4 5 |  5.6
Invocations    | 1 3 |  3.7
Stealth        | |  0.6

Action                   |  1- 3 |  4- 6 |  7- 9 || total
-------------------------+-------+-------+-------++-------
Melee: Flail             |   103 |   269 |   235 ||   607
  Use: Potion            |       |       |     4 ||     4
       Scroll            |       |       |     2 ||     2
Armor: Scale mail        |    74 |   135 |    99 ||   308
Dodge: Dodged            |    60 |   187 |   107 ||   354
Block: Buckler           |    37 |    81 |    58 ||   176

Table legend: (Time is in decaauts)
 A = Elapsed time spent in this place.
 B = Non-inter-level travel time spent in this place.
 C = Inter-level travel time spent in this place.
 D = Time resting spent in this place.
 E = Time spent auto-exploring this place.
 F = Levels seen in this place.
 G = Mean time per level.
                   A        B        C        D        E       F      G
               +--------+--------+--------+--------+--------+-----+--------+
         Total |   6901 |   6344 |    557 |     49 |   4866 |   9 |  766.8 |
       Dungeon |   6133 |   5636 |    497 |     49 |   4372 |   7 |  876.1 |
        Temple |    267 |    207 |     60 |      0 |    198 |   1 |  267.0 |
         Sewer |    499 |    499 |      0 |      0 |    296 |   1 |  499.0 |
               +--------+--------+--------+--------+--------+-----+--------+

Top non-repeatable levels by time:
     D:5: 1371 daAuts
     D:6: 1257 daAuts
     D:2: 941 daAuts
     D:3: 869 daAuts
     D:1: 856 daAuts
     D:4: 832 daAuts
   Sewer: 499 daAuts
  Temple: 267 daAuts
     D:7: 5 daAuts
